 Dungeon Crawl Stone Soup version 0.16.0-11-gd45b091 (webtiles) character file.

209200 esc the Sorcerer (level 18, -8/98 (100) HPs)
             Began as a Deep Elf Fire Elementalist on Mar 16, 2015.
             Was the Champion of Vehumet.
             Mangled by a naga warrior
             ... wielding a +0 halberd
              (16 damage)
             ... on level 3 of the Snake Pit on Mar 17, 2015.
             The game lasted 04:20:58 (62235 turns).

esc the Sorcerer (Deep Elf Fire Elementalist)      Turns: 62235, Time: 04:21:04

HP:   -8/98 (100)   AC: 17    Str:  5    XL:     18   Next: 52%
MP:   5/51          EV: 26    Int: 29    God:    Vehumet [******]
Gold: 1192          SH: 13    Dex: 15    Spells: 13 memorised, 11 levels left

rFire  + + +     SeeInvis .     b - staff of energy
rCold  + + .     Clarity  .     h - +2 robe {rN+}
rNeg   + + .     SustAb   +     S - +2 shield of Resistance {rF+ rC+ MR+}
rPois  .         Gourm    .     (helmet restricted)
rElec  .         Spirit   .     m - +1 cloak
rCorr  .         Warding  +     V - +1 pair of gloves {rF+}
rMut   .         Stasis   .     p - +2 pair of boots of Benevolence {Stlth+}
MR     ++...                    d - amulet of warding (curse)
Stlth  +++.......               v - ring of Awe {SustAb rF+ rC+}
                                C - ring of magical power

@: lethally poisoned (-8 -> -9), phasing (expiring), stone skin, constricted,
very resistant to hostile enchantments, fairly stealthy
A: horns 1, yellow scales 1
a: Renounce Religion


You were on level 3 of the Snake Pit.
You worshipped Vehumet.
Vehumet was exalted by your worship.
You were not hungry.

You visited 6 branches of the dungeon, and saw 34 of its levels.
You visited 1 bazaar.
You also visited: Labyrinth, Bailey and Volcano.

You collected 3890 gold pieces.
You spent 2698 gold pieces at shops.

Inventory:

Hand weapons
 j - a +1 short sword of protection
Missiles
 w - 11 throwing nets (quivered)
Armour
 h - a +2 robe of positive energy (worn)
 l - a +2 helmet of see invisible
 m - a +1 cloak (worn)
 p - the +2 pair of boots of Benevolence (worn) {Stlth+}
   (You found it on level 8 of the Lair of Beasts)

   It makes you more stealthy.
 K - a +2 robe of cold resistance
 S - the +2 shield of Resistance (worn) {rF+ rC+ MR+}
   (You took it off a kobold in a bailey)

   It protects you from fire.
   It protects you from cold.
   It affects your resistance to hostile enchantments.
 V - a +1 pair of gloves of fire resistance (worn)
Magical staves
 a - an uncursed staff of fire
 b - an uncursed staff of energy (weapon)
Jewellery
 d - a cursed amulet of warding (around neck)
 s - an uncursed ring of protection from magic
 v - the ring of Awe (right hand) {SustAb rF+ rC+}
   (You found it in a labyrinth)

   [ring of sustain abilities]

   It sustains your strength, intelligence and dexterity.
   It protects you from fire.
   It protects you from cold.
 x - the ring "Aqaoprokh" {rElec rC+ MR- Str+3 SInv Stlth+}
   (You found it on level 1 of the Shoals)

   [ring of stealth]

   It affects your strength (+3).
   It protects you from cold.
   It insulates you from electricity.
   It affects your resistance to hostile enchantments.
   It enhances your eyesight.
   It makes you more stealthy.
 C - a ring of magical power (left hand)
Magical devices
 i - a wand of paralysis (17)
 y - a wand of paralysis (15)
 D - a wand of digging (9)
 G - a wand of teleportation (5)
 I - a wand of lightning (4)
 J - a wand of paralysis (10)
 M - a wand of draining (2)
 O - a wand of cold (3)
 Y - a wand of disintegration (6)
Scrolls
 e - a scroll of amnesia
 f - a scroll of enchant armour
 n - 8 scrolls of enchant weapon
 r - 19 scrolls of remove curse
 B - 2 scrolls of fear
 F - 3 scrolls of fog
 P - 4 scrolls of teleportation
 U - 4 scrolls of recharging
 W - 6 scrolls of identify
Potions
 g - 2 potions of curing
 k - 3 potions of magic
 o - 4 potions of heal wounds
 q - 6 potions of restore abilities
 t - 3 potions of cancellation
 u - 2 potions of haste
 z - 2 potions of resistance
 A - 6 potions of agility
 E - 4 potions of flight
 H - 3 potions of might
 N - a potion of brilliance
 R - 2 potions of berserk rage
Books
 Q - a book of Annihilations

   Spells                             Type                      Level
   a - Poison Arrow                   Conjuration/Poison           6
   b - Chain Lightning                Conjuration/Air              8
   c - Lehudib's Crystal Spear        Conjuration/Earth            8
   d - Glaciate                       Conjuration/Ice              9
   e - Fire Storm                     Conjuration/Fire             9
 Z - a book of Geomancy

   Spells                             Type                      Level
   a - Sandblast                      Earth                        1
   b - Stoneskin                      Transmutation/Earth          2
   c - Passwall                       Transmutation/Earth          3
   d - Stone Arrow                    Conjuration/Earth            3
   e - Petrify                        Transmutation/Earth          4
   f - Lee's Rapid Deconstruction     Earth                        5
Miscellaneous
 L - a crystal ball of energy
 T - a fan of gales (inert)
Comestibles
 c - 6 bread rations


   Skills:
 - Level 6.7 Fighting
 - Level 2.9 Short Blades
 - Level 10.4 Dodging
 - Level 2.6 Stealth
 - Level 11.1 Shields
 + Level 22.2 Spellcasting
 + Level 13.2 Conjurations
 - Level 5.1 Hexes
 - Level 4.3 Charms
 - Level 9.7 Translocations
 - Level 3.1 Transmutations
 + Level 10.4 Fire Magic
 - Level 9.0 Ice Magic
 - Level 3.3 Air Magic
 - Level 6.7 Earth Magic
 - Level 4.6 Poison Magic


You had 11 spell levels left.
You knew the following spells:

 Your Spells              Type           Power        Failure   Level  Hunger
a - Cure Poison           Pois           ######....   1%          2    None
b - Bolt of Cold          Conj/Ice       #######...   1%          6    None
c - Sticky Flame          Conj/Fire      #######.     1%          4    None
d - Throw Flame           Conj/Fire      ######       1%          2    None
e - Confuse               Hex            ######..     1%          3    None
f - Olgreb's Toxic Radia  Pois           ######..     1%          4    None
g - Fireball              Conj/Fire      #######...   1%          5    None
h - Iron Shot             Conj/Erth      ######....   1%          6    None
i - Airstrike             Air            ######....   1%          4    None
j - Stoneskin             Trmt/Erth      ######..     1%          2    None
k - Phase Shift           Tloc           ######....   1%          5    None
l - Iskenderun's Battles  Conj/Chrm      ######..     1%          5    None
m - Repel Missiles        Chrm/Air       ######       1%          2    None


Dungeon Overview and Level Annotations

Branches:
Dungeon (15/15)            Temple (1/1) D:4            Lair (8/8) D:11
 Shoals (2/5) Lair:5        Snake (4/5) Lair:3        Slime (0/6) Lair:8
    Orc (4/4) D:11            Elf (0/3) Orc:3        Vaults (0/5) D:14
 Depths (0/5) D:15

Altars:
Ashenzari
Cheibriados
Elyvilon
Fedhas
Gozag
Kikubaaqudgha
Makhleb
Nemelex Xobeh
Qazlal
Ru
Sif Muna
Trog
Vehumet
Xom
Yredelemnul
Zin
Beogh
Jiyva

Shops:
D:12 ?   D:13 =   D:14 !:%%   D:15 *   Orc:2 (   Orc:4 =*([

Annotations:
Lair:8 1 runed door
Snake:2 exclusion: Roxanne, Roxanne


Innate Abilities, Weirdness & Mutations

You have a pair of small horns on your head.
You are partially covered in yellow scales (AC +2).


Message History

* * * LOW HITPOINT WARNING * * *
You are poisoned.
The naga warrior completely misses you.
* * * LOW HITPOINT WARNING * * *
The naga warrior constricts you.
Drink which item? (? for menu, Esc to quit)
Okay, then.
Casting: Iron Shot
Confirm with . or Enter, or press ? or * to list all spells.
You don't have enough magic to cast that spell.
Read which item? (? for menu, Esc to quit)
Okay, then.
Evoke which item? (* to show all) (? for menu, Esc to quit)
A fierce wind blows from the fan.
The winds coalesce and take form.
You feel sick.
You are no longer poisoned.
* * * LOW HITPOINT WARNING * * *
You are poisoned.
The naga warrior hits you with a halberd!
You die...

.....## ##...........##..........
......#####..........###.........
........###..........# #.........
..........#.........## #.........
.........#.##E......####.........
........#..###.####...##..#...#..
.......##.## ##.#####...#.#####..
..........# ##.###......### ##.
.....##.#.## #@.##........###..
#######.##.# ##N#..........###.
.## #.##.## ##N>..........###.
..########..####.(...............
.....####....#..#...!.......#....
.....#.#......####..#..#.##)".♣..
.....#.....(..# #.[####..#......
.#####........## #.####.#.#...>..
#...##.........# #.###.####......


You could see a naga warrior (berserk), a naga ritualist and a friendly air
elemental.

Vanquished Creatures
  Mara (Snake:3)
  Nikola (Shoals:2)
  Vashnia (Snake:2)
  Rupert (Lair:4)
  4 greater nagas
  Donald (Snake:3)
  Snorg (Lair:4)
  2 vault guards (D:14)
  2 merfolk javelineers (Shoals:2)
  4 merfolk impalers
  A minotaur (Lab)
  Josephine (D:11)
  8 hydras
  Fannar (D:11)
  11 naga warriors
  A catoblepas (Lair:7)
  3 centaur warriors
  Erica (Lair:8)
  13 anacondas
  An ogre mage (D:15)
  15 naga sharpshooters
  A sun demon (D:11)
  4 orc high priests (Orc:4)
  9 shock serpents
  Erolcha (D:10)
  A fire crab (Lair:7)
  3 salamander mystics
  7 sea snakes
  3 naga ritualists
  3 orc knights
  3 deep elf conjurers (D:15)
  A lindwurm (Volcano)
  6 harpies (Shoals:1)
  2 wizards
  4 fauns (Shoals:1)
  5 hill giants
  2 ugly things
  A wolf spider (D:13)
  2 necromancers (D:14)
  6 manticores
  2 cyclopes
  An orc sorcerer (Orc:4)
  11 griffons
  7 salamanders
  A water nymph (Shoals:1)
  15 mana vipers
  4 elephants (Lair:4)
  8 sirens
  2 guardian serpents
  31 black mambas
  A rust devil (D:14)
  2 gargoyles
  25 spiny frogs
  24 naga magi
  Psyche (D:11)
  4 kobold demonologists
  9 komodo dragons
  3 two-headed ogres
  7 fire drakes
  5 giant leeches (Lair:8)
  26 merfolk
  A polar bear (Shoals:1)
  A wind drake (Shoals:1)
  Prince Ribbit (Orc:1)
  28 blink frogs
  2 trolls
  A blink frog (shapeshifter) (D:15)
  3 snapping turtles (Shoals:1)
  6 basilisks
  3 shadows
  8 wyverns
  2 trapdoor spiders
  A vampire (D:15)
  6 wraiths
  49 yaks
  A deep elf mage (D:15)
  17 humans (D:14)
  A hungry ghost (D:13)
  6 fire bats (Volcano)
  2 deep elf fighters
  A water elemental (Shoals:1)
  5 wargs
  11 vampire mosquitoes
  19 wolves
  Edmund (D:6)
  3 soldier ants
  A mottled dragon (D:15)
  35 water moccasins
  22 hippogriffs
  46 nagas
  A hell hound (Volcano)
  27 orc warriors
  2 sky beasts (D:12)
  A black bear (D:9)
  2 wasps
  8 porcupines
  2 necrophages
  10 ogres
  A phantom (D:14)
  3 ice beasts
  15 crocodiles
  Sigmund (D:6)
  3 boring beetles
  17 centaurs
  34 giant frogs
  A gnoll sergeant (D:8)
  3 big kobolds
  3 killer bees (D:8)
  6 scorpions
  3 wights (D:10)
  A centaur zombie (D:10)
  4 electric eels (Lair:8)
  4 crimson imps
  5 goliath beetles
  5 jellies
  12 hounds
  A human zombie (D:14)
  2 quasits
  9 iguanas
  38 orc wizards
  8 centaur skeletons
  41 orc priests
  A giant frog skeleton (D:12)
  A gnoll shaman (D:6)
  9 worker ants
  Jessica (D:2)
  2 hound skeletons
  2 mummies
  A worker ant zombie (D:10)
  12 gnolls
  23 adders
  104 river rats
  3 shadow imps
  3 giant mites
  12 white imps
  An ufetubus (D:11)
  A worm (D:13)
  An adder skeleton (D:9)
  5 giant geckos
  An ooze (D:5)
  172 orcs
  17 bats
  A bat zombie (D:5)
  5 giant cockroaches
  27 goblins
  15 hobgoblins
  11 jackals
  34 kobolds
  16 quokkas
  5 ball pythons
  A giant gecko skeleton (D:4)
  3 giant newts
  2 giant spores
  2 kobold zombies (D:14)
  A quokka zombie (D:9)
  26 rats
  6 ballistomycetes
  4 fungi
  3 plants
1417 creatures vanquished.

Vanquished Creatures (others)
  A wizard (D:6)
  A siren (Shoals:2)
  A human (D:14)
  A jackal (D:11)
  A bush (Lair:6)
  A butterfly (D:6)
  6 fungi
  20 plants
  5 tentacles (Shoals:1)
  437 tentacle segments (Shoals:1)
474 creatures vanquished.

Grand Total: 1891 creatures vanquished

Notes
Turn   | Place    | Note
--------------------------------------------------------------
     0 | D:1      | esc, the Deep Elf Fire Elementalist, began the quest for the Orb.
     0 | D:1      | Reached XP level 1. HP: 10/10 MP: 5/5
   237 | D:1      | Reached XP level 2. HP: 13/15 MP: 6/8
  1017 | D:1      | Reached XP level 3. HP: 15/19 MP: 5/11
  1848 | D:2      | Reached skill level 4 in Spellcasting
  1938 | D:2      | Found an opulent altar of Gozag.
  2259 | D:2      | Noticed Jessica
  2265 | D:2      | Killed Jessica
  2265 | D:2      | Reached XP level 4. HP: 22/24 MP: 12/15
  2471 | D:3      | Found an ancient bone altar of Kikubaaqudgha.
  2471 | D:3      | Found a snail-covered altar of Cheibriados.
  2552 | D:4      | Reached skill level 1 in Fighting
  2619 | D:4      | Reached XP level 5. HP: 27/29 MP: 15/18
  2864 | D:4      | Learned a level 3 spell: Conjure Flame
  3142 | D:4      | Found a staircase to the Ecumenical Temple.
  3153 | Temple   | Entered the Ecumenical Temple
  3328 | Temple   | Became a worshipper of Vehumet
  3441 | D:5      | Entered Level 5 of the Dungeon
  3507 | D:5      | Reached XP level 6. HP: 34/34 MP: 0/20
  3842 | D:5      | Reached skill level 5 in Spellcasting
  3884 | D:5      | Acquired Vehumet's first power
  3884 | D:5      | Offered knowledge of Shock by Vehumet.
  3884 | D:5      | Reached skill level 5 in Fire Magic
  4131 | D:6      | Reached XP level 7. HP: 36/38 MP: 10/23
  4437 | D:6      | Learned a level 4 spell: Sticky Flame
  4513 | D:6      | Reached skill level 6 in Spellcasting
  4716 | D:6      | Found a bloodstained altar of Trog.
  4716 | D:6      | Noticed a wizard
  4723 | D:6      | Killed a wizard
  4751 | D:6      | Noticed Sigmund
  4773 | D:6      | Killed Sigmund
  4897 | D:6      | Noticed Edmund
  4940 | D:6      | Reached skill level 5 in Conjurations
  5035 | D:6      | Killed Edmund
  5035 | D:6      | Reached skill level 7 in Spellcasting
  5132 | D:6      | Reached XP level 8. HP: 23/43 MP: 22/26
  5136 | D:6      | Learned a level 2 spell: Throw Flame
  5433 | D:6      | Learned a level 3 spell: Confuse
  5487 | D:6      | Offered knowledge of Sandblast by Vehumet.
  5836 | D:5      | Noticed a centaur
  5842 | D:5      | Killed a centaur
  6333 | D:7      | Reached skill level 8 in Spellcasting
  7012 | D:8      | Offered knowledge of Throw Frost by Vehumet.
  7012 | D:8      | Reached XP level 9. HP: 47/47 MP: 29/29
  7052 | D:8      | Reached skill level 9 in Spellcasting
  7609 | D:9      | Acquired Vehumet's second power
  7900 | D:9      | Reached skill level 10 in Spellcasting
  8272 | D:10     | Entered Level 10 of the Dungeon
  9013 | D:10     | Offered knowledge of Olgreb's Toxic Radiance by Vehumet.
  9019 | D:10     | Learned a level 4 spell: Olgreb's Toxic Radiance
  9029 | D:10     | Learned a level 5 spell: Fireball
  9327 | D:10     | Reached skill level 1 in Short Blades
  9422 | D:11     | Found a staircase to the Orcish Mines.
  9422 | D:11     | Noticed Josephine
  9488 | D:11     | Noticed Erolcha
  9488 | D:11     | Noticed Psyche
  9579 | D:10     | Killed Erolcha
  9579 | D:10     | Reached skill level 5 in Dodging
  9579 | D:10     | Reached XP level 10. HP: 48/52 MP: 16/31
  9777 | D:10     | Reached skill level 1 in Hexes
  9777 | D:10     | Reached skill level 1 in Poison Magic
 10220 | D:11     | Acquired Vehumet's third power
 10269 | D:11     | Noticed Fannar
 10280 | D:11     | Killed Fannar
 10390 | D:11     | Offered knowledge of Static Discharge by Vehumet.
 10422 | D:11     | Noticed a white ugly thing
 10435 | D:11     | HP: 1/54 [white ugly thing (31)]
 11183 | D:11     | Found a staircase to the Lair.
 11235 | Lair:1   | Entered Level 1 of the Lair of Beasts
 11235 | Lair:1   | Found a frozen archway.
 11296 | D:11     | Killed Josephine
 11328 | D:12     | Noticed a manticore
 11345 | D:12     | Reached XP level 11. HP: 46/60 MP: 4/32
 11481 | D:12     | Reached skill level 11 in Spellcasting
 11838 | D:12     | Found Twevah's Magic Scroll Shop.
 11865 | D:12     | Bought 3 scrolls of teleportation for 144 gold pieces
 12297 | D:12     | Noticed a cyan ugly thing
 12307 | D:12     | Killed a cyan ugly thing
 12307 | D:12     | Reached skill level 12 in Spellcasting
 12451 | D:12     | Reached skill level 10 in Conjurations
 12660 | D:11     | Killed Psyche
 13182 | D:11     | Noticed a centaur skeleton
 13192 | D:11     | Killed a centaur skeleton
 13585 | D:11     | Noticed a hill giant
 13602 | D:11     | Reached skill level 13 in Spellcasting
 13707 | D:11     | Killed a hill giant
 13752 | D:11     | Noticed a six-headed hydra
 13770 | D:11     | Killed a six-headed hydra
 14588 | Lair:1   | Offered knowledge of Iron Shot by Vehumet.
 14724 | Lair:1   | Learned a level 6 spell: Iron Shot
 14751 | Lair:1   | Reached skill level 1 in Earth Magic
 15094 | Lair:1   | Reached XP level 12. HP: 59/66 MP: 31/35
 16032 | Lair:1   | Offered knowledge of Airstrike by Vehumet.
 16038 | Lair:1   | Learned a level 4 spell: Airstrike
 16256 | Lair:2   | Noticed a six-headed hydra
 16514 | Lair:2   | Reached skill level 1 in Air Magic
 16518 | Lair:2   | Reached skill level 5 in Earth Magic
 16929 | Lair:2   | Reached skill level 5 in Fighting
 17098 | Lair:2   | Killed a six-headed hydra
 17945 | Lair:3   | Found a staircase to the Snake Pit.
 19197 | Lair:4   | Found a labyrinth entrance.
 19221 | Lab      | Entered a labyrinth
 20797 | Lab      | Noticed a minotaur
 20811 | Lab      | Killed a minotaur
 20811 | Lab      | Reached skill level 10 in Dodging
 20825 | Lab      | Got a pitted wooden ring
 20827 | Lab      | Identified the ring of Awe {SustAb rF+ rC+} (You found it in a labyrinth)
 20852 | Lab      | Got a crude spear
 20855 | Lair:4   | Identified the +4 spear "Caed" {freeze, MR+ Dex+2} (You found it in a labyrinth)
 20876 | Lair:4   | Learned a level 2 spell: Stoneskin
 21729 | Lair:4   | Reached XP level 13. HP: 72/74 MP: 20/36
 22462 | Lair:4   | Reached skill level 14 in Spellcasting
 22706 | Lair:4   | Noticed Rupert
 22791 | Lair:4   | Paralysed by Rupert for 4 turns
 22807 | Lair:4   | Killed Rupert
 22940 | Lair:4   | Reached skill level 15 in Spellcasting
 23355 | Lair:4   | Noticed Snorg
 23360 | Lair:4   | Killed Snorg
 23819 | Lair:5   | Reached skill level 16 in Spellcasting
 24380 | Lair:5   | Offered knowledge of Conjure Ball Lightning by Vehumet.
 24387 | Lair:5   | Learned a level 5 spell: Phase Shift
 24427 | Lair:5   | Reached skill level 1 in Translocations
 25085 | Lair:5   | Found a staircase to the Shoals.
 25786 | D:11     | Reached skill level 5 in Translocations
 25905 | Orc:1    | Entered Level 1 of the Orcish Mines
 26604 | Orc:2    | Found Ykumna's Weapon Shop.
 27017 | Orc:3    | Found a flagged portal.
 27046 | Bailey   | Entered a bailey
 27175 | Bailey   | Offered knowledge of Iskenderun's Battlesphere by Vehumet.
 27298 | Bailey   | Learned a level 5 spell: Iskenderun's Battlesphere
 27430 | Bailey   | Got a coiled steel amulet
 27435 | Bailey   | Identified the amulet of Macaab {Spirit +Fly Stlth+} (You took it off an orc warrior in a bailey)
 28097 | Orc:3    | Found a staircase to the Elven Halls.
 28599 | Orc:4    | Entered Level 4 of the Orcish Mines
 28623 | Orc:4    | Found a dark tunnel.
 28630 | Volcano  | Entered a volcano
 29314 | Orc:4    | Reached XP level 14. HP: 78/78 MP: 39/39
 29690 | Orc:4    | Found Grierr's Armour Shop.
 29690 | Orc:4    | Found Juoll's Jewellery Boutique.
 29690 | Orc:4    | Found Reucou's Weapon Shop.
 29695 | Orc:4    | Offered knowledge of Poison Arrow by Vehumet.
 29745 | Orc:4    | Found Thraasm's Assorted Antiques.
 29823 | Orc:4    | Bought a scroll labeled GHAIBO FRUI for 33 gold pieces
 29887 | Orc:4    | Bought a glass ring for 165 gold pieces
 29887 | Orc:4    | Bought a coral ring for 165 gold pieces
 29887 | Orc:4    | Bought an orange potion for 29 gold pieces
 30369 | Orc:2    | Reached skill level 1 in Shields
 30586 | Orc:1    | Noticed Prince Ribbit
 30592 | Orc:1    | Killed Prince Ribbit
 30724 | Orc:1    | Found a runed door.
 30835 | Orc:1    | Found a roughly hewn altar of Beogh.
 33293 | Lair:7   | Reached skill level 1 in Charms
 33659 | Lair:7   | Reached skill level 1 in Transmutations
 34394 | Lair:8   | Entered Level 8 of the Lair of Beasts
 34399 | Lair:8   | Offered knowledge of Spellforged Servitor by Vehumet.
 35584 | Lair:8   | Found a runed door.
 35606 | Lair:8   | Noticed an acid blob
 35611 | Lair:8   | Found a viscous altar of Jiyva.
 35611 | Lair:8   | Found a staircase to the Slime Pits.
 35836 | Lair:8   | Noticed Erica
 35850 | Lair:8   | Killed Erica
 36164 | Lair:8   | Reached skill level 5 in Hexes
 36685 | Lair:8   | Learned a level 2 spell: Repel Missiles
 36955 | Lair:8   | Got a pair of translucent boots
 36961 | Lair:8   | Identified the +2 pair of boots of Benevolence {Stlth+} (You found it on level 8 of the Lair of Beasts)
 36996 | Lair:8   | Reached XP level 15. HP: 46/83 MP: 40/40
 37151 | Lair:8   | Reached XP level 16. HP: 86/88 MP: 40/40
 37600 | Snake:1  | Entered Level 1 of the Snake Pit
 39021 | Snake:1  | HP: 3/88 [naga sharpshooter/bolt (25)]
 40686 | D:12     | Killed a manticore
 41245 | D:13     | Found Ycsiom's Jewellery Boutique.
 42453 | D:14     | Offered knowledge of Bolt of Cold by Vehumet.
 42559 | D:14     | Found Thadez's Book Shop.
 42581 | D:14     | Reached skill level 10 in Shields
 43257 | D:14     | Found Smonuc's Distillery.
 43266 | D:14     | Bought a potion of beneficial mutation for 595 gold pieces
 43266 | D:14     | Gained mutation: You are partially covered in yellow scales (AC +2). [potion of beneficial mutation]
 43350 | D:14     | Learned a level 2 spell: Cure Poison
 43432 | D:14     | Found Atuch's Food Shop.
 43721 | D:14     | Found a gate to the Vaults.
 44247 | D:14     | Found Etyzof's Food Boutique.
 44254 | D:14     | Found a snail-covered altar of Cheibriados.
 44407 | D:14     | Reached skill level 17 in Spellcasting
 44505 | D:15     | Entered Level 15 of the Dungeon
 45211 | D:15     | Found Smic Gup's Assorted Antiques.
 45216 | D:15     | Bought a scroll of enchant armour for 217 gold pieces
 45480 | D:15     | Found a staircase to the Depths.
 45925 | Shoals:1 | Entered Level 1 of the Shoals
 46352 | Shoals:1 | Got a bound bronze ring
 46354 | Shoals:1 | Identified the ring "Aqaoprokh" {rElec rC+ MR- Str+3 SInv Stlth+} (You found it on level 1 of the Shoals)
 46824 | Shoals:1 | Identified a -2 rod of the swarm (14/14) (You took it off a hill giant on level 13 of the Dungeon)
 46878 | Shoals:1 | Reached skill level 18 in Spellcasting
 47053 | Shoals:1 | Reached XP level 17. HP: 93/93 MP: 30/42
 47077 | Shoals:1 | Learned a level 6 spell: Bolt of Cold
 47217 | Shoals:1 | Reached skill level 1 in Ice Magic
 47477 | Shoals:2 | Noticed Nikola
 47920 | Shoals:2 | Found a gateway to a bazaar.
 47946 | Bazaar   | Entered a bazaar
 47972 | Bazaar   | Found Wuacs' Food Boutique.
 47998 | Bazaar   | Found Hiegik's Book Emporium.
 48025 | Bazaar   | Found Athruq's Magic Scroll Boutique.
 48041 | Bazaar   | Found Waudac's General Store.
 48086 | Bazaar   | Found Naok's Distillery.
 48216 | Bazaar   | Bought a scroll of acquirement for 936 gold pieces
 48265 | Bazaar   | Bought a potion of curing for 27 gold pieces
 48265 | Bazaar   | Bought a potion of heal wounds for 45 gold pieces
 48265 | Bazaar   | Bought a potion of cure mutation for 315 gold pieces
 48265 | Bazaar   | Bought a potion of curing for 27 gold pieces
 48949 | Shoals:2 | Killed Nikola
 48949 | Shoals:2 | Reached skill level 5 in Ice Magic
 50839 | Shoals:2 | Gained mutation: You have a pair of small horns on your head. [potion of beneficial mutation]
 51027 | Shoals:1 | Upgraded the game from 0.16.0-8-gd9ae3a8 to 0.16.0-11-gd45b091
 51448 | Snake:2  | Noticed Vashnia
 53141 | Snake:2  | Killed Vashnia
 53388 | Snake:2  | Reached skill level 19 in Spellcasting
 53488 | Snake:2  | Noticed Roxanne
 55438 | Snake:3  | Reached skill level 20 in Spellcasting
 55720 | Snake:3  | Noticed Mara
 55865 | Snake:3  | Killed Mara
 56556 | Snake:3  | Noticed Donald
 56563 | Snake:3  | Killed Donald
 56891 | Snake:3  | Reached XP level 18. HP: 79/98 MP: 36/44
 57017 | Snake:3  | Reached skill level 21 in Spellcasting
 59270 | Snake:4  | Offered knowledge of Shatter by Vehumet.
 59270 | Snake:4  | Offered knowledge of Chain Lightning by Vehumet.
 59270 | Snake:4  | Offered knowledge of Tornado by Vehumet.
 59768 | Snake:4  | Reached skill level 22 in Spellcasting
 60617 | Snake:4  | Reached skill level 10 in Fire Magic
 62235 | Snake:3  | Mangled by a naga warrior

Action                   |  1- 3 |  4- 6 |  7- 9 | 10-12 | 13-15 | 16-18 || total
-------------------------+-------+-------+-------+-------+-------+-------++-------
Melee: Unarmed           |    17 |       |       |       |       |     2 ||    19
       Short sword       |     3 |    29 |    34 |    33 |    15 |       ||   114
       Staff             |       |       |       |    48 |    60 |   119 ||   227
Throw: Throwing net      |       |       |       |     1 |       |       ||     1
 Cast: Flame Tongue      |    68 |   142 |   257 |     1 |     4 |       ||   472
       Conjure Flame     |       |     6 |    17 |     2 |       |       ||    25
       Throw Flame       |       |       |   106 |   481 |   886 |   496 ||  1969
       Confuse           |       |       |    19 |    17 |    10 |    15 ||    61
       Sticky Flame      |       |       |    13 |   172 |   210 |   188 ||   583
       Olgreb's Toxic Ra |       |       |       |     1 |     5 |     3 ||     9
       Fireball          |       |       |       |    10 |    21 |    14 ||    45
       Iron Shot         |       |       |       |     8 |    59 |   500 ||   567
       Airstrike         |       |       |       |       |    33 |    46 ||    79
       Iskenderun's Batt |       |       |       |       |    11 |    17 ||    28
       Phase Shift       |       |       |       |       |     6 |    22 ||    28
       Stoneskin         |       |       |       |       |     4 |    23 ||    27
       Cure Poison       |       |       |       |       |       |     2 ||     2
       Repel Missiles    |       |       |       |       |       |     2 ||     2
       Bolt of Cold      |       |       |       |       |       |    36 ||    36
 Abil: Evoke Teleportati |       |       |       |     1 |       |       ||     1
Evoke: Wand              |       |       |     1 |    10 |     1 |     1 ||    13
       Staff of energy   |       |       |       |       |       |     3 ||     3
       Fan of gales      |       |       |       |       |       |     1 ||     1
  Use: Scroll            |     3 |     6 |     9 |    10 |    12 |    10 ||    50
       Potion            |       |       |     1 |     3 |     6 |     8 ||    18
 Stab: Sleeping          |     1 |     1 |     3 |     2 |     2 |     2 ||    11
       Confused          |       |       |       |     1 |       |       ||     1
  Eat: Chunk             |     4 |     4 |     9 |    17 |    39 |     9 ||    82
       Beef jerky        |       |     1 |     2 |       |       |     4 ||     7
       Pizza             |       |       |     3 |     1 |     1 |     1 ||     6
       Fruit             |       |       |     1 |    24 |    10 |       ||    35
       Meat ration       |       |       |       |       |     1 |    12 ||    13
       Royal jelly       |       |       |       |       |       |     3 ||     3
       Bread ration      |       |       |       |       |       |     1 ||     1
